 Dungeon Crawl Stone Soup version 0.29.1-2-gbd0b4ee654 (webtiles) character file.

Game seed: 146239037777097043

399 GorkyZ the Trooper (level 6, -3/48 HPs)
             Began as a Demonspawn Fighter on Nov 19, 2022.
             Killed by divine providence
             ... invoked by an orc priest
              (9 damage)
             ... on level 3 of the Dungeon.
             The game lasted 00:07:58 (3384 turns).

GorkyZ the Trooper (Demonspawn Fighter)             Turns: 3384, Time: 00:07:59

Health: -3/48      AC: 10    Str: 18    XL:     6   Next: 54%
Magic:  6/6        EV:  4    Int:  9    God:
Gold:   239        SH: 12    Dex: 13    Spells: 5/5 levels left

rFire   . . .      SeeInvis .   a - +0 war axe
rCold   . . .      Faith    .   l - +0 tower shield
rNeg    . . .      Spirit   .   k - +0 chain mail
rPois   .          Reflect  .   (helmet restricted)
rElec   .          Harm     .   (no cloak)
rCorr   .          Rampage  .   j - +0 pair of gloves
Will    +....                   (no boots)
Stlth   ..........              (no amulet)
HPRegen 0.16/turn               e - ring of willpower
MPRegen 0.10/turn               (no ring)

@: no status effects
A: antennae 1, powered by death 1
a: no special abilities


You were on level 3 of the Dungeon.
You visited 1 branch of the dungeon, and saw 3 of its levels.

You collected 239 gold pieces.

Inventory:

Hand Weapons
 a - a +0 war axe (weapon)
Armour
 b - a +0 scale mail
 c - a +0 buckler
 j - a +0 pair of gloves (worn)
 k - a +0 chain mail (worn)
 l - a +0 tower shield (worn)
Jewellery
 e - a ring of willpower (left hand)
 i - an amulet of faith
Scrolls
 g - 2 scrolls of teleportation
 m - a scroll of identify
Potions
 d - a potion of might
 f - a potion of flight
 h - 2 potions of attraction
 n - a potion of curing


   Skills:
 + Level 4.1 Fighting
 + Level 3.1 Axes
 + Level 0.8 Throwing
 + Level 3.7 Armour
 + Level 2.3 Dodging
 + Level 3.8 Shields
 + Level 0.7 Evocations


You had 5 spell levels left.
You didn't know any spells.
Your spell library contained the following spells:

 Spells                   Type           Power      Damage    Failure   Level
 Beastly Appendage        Tmut           0%         N/A       100%        1
 Summon Small Mammal      Summ           0%         N/A       100%        1
 Wereblood                Tmut           0%         N/A       100%        2
 Call Canine Familiar     Summ           0%         N/A       100%        3
 Spider Form              Tmut/Pois      0%         N/A       100%        3
 Summon Guardian Golem    Hex/Summ       0%         N/A       100%        3


Dungeon Overview and Level Annotations

Branches:
Dungeon (3/15)

Altars:
Ashenzari
Fedhas


Innate Abilities, Weirdness & Mutations

You have a pair of small antennae on your head.
You regenerate a little health from kills.


Message History

You hit the orc priest. You block the adder's attack.
The orc priest begins to cast a cantrip, but forgets the words!
The adder bites you but does no damage.
The orc priest hits you but does no damage.
The adder barely misses you. The adder attacks as you move away!
You block the adder's attack. The orc priest hits you with a +0 whip.
The orc attacks as you move away! The orc hits you but does no damage.
You are poisoned.
You feel sick.
You feel sick.
The orc priest miscasts a cantrip.
You block the adder's attack.
You feel sick. You block the adder's attack.
The adder attacks as you move away! The adder bites you but does no damage.
You feel sick.
You feel sick.
The orc priest looks satisfied for a moment.
You feel sick. The adder bites you.
You are more poisoned.
The adder poisons you!
You feel sick. You block the adder's attack.
You feel sick.
You closely miss the adder.
You feel sick.
The adder bites you but does no damage. x2
You closely miss the adder.
You feel sick. You block the adder's attack. The adder bites you.
The orc priest invokes the aid of Beogh against you.
Beogh smites you!
* * * LOW HITPOINT WARNING * * *
The adder bites you but does no damage.
You miss the adder.
You feel sick.
You are no longer poisoned.
The adder barely misses you. You block the adder's attack.
You closely miss the adder. The adder bites you but does no damage.
You block the adder's attack.
You miss the adder. You block the adder's attack.
The orc priest calls down the wrath of Beogh upon you.
Beogh smites you!
You die...

############..#.#.....#
#####
#########..........#
........#....##....#
!.......#o...##....##
.......o.....##......
........##...##......
........#o.{..+ .....
........##o####......
........##ooS@.......
........#######......
######### ##### ######
.....#


You could see an orc priest, an adder and 2 orcs.

Vanquished Creatures
  Sigmund (D:2)
  An orc priest (D:3)
  An orc wizard (D:3)
  Robin (D:2)
  A gnoll (D:1)
  7 adders
  3 worms (D:2)
  2 dart slugs (D:2)
  6 orcs (D:3)
  10 endoplasms
  4 giant cockroaches
  10 hobgoblins
  3 kobolds
  2 quokkas
  6 ball pythons
  7 bats
  4 frilled lizards
  11 goblins
  4 rats
84 creatures vanquished.

Notes
Turn   | Place    | Note
-------+----------+-------------------------------------------
     0 | D:1      | GorkyZ the Demonspawn Fighter began the quest for the Orb.
     0 | D:1      | Reached XP level 1. HP: 18/18 MP: 1/1
   139 | D:1      | Gained mutation: You have a pair of small antennae on your
                  | head. [demonic ancestry]
   139 | D:1      | Reached XP level 2. HP: 16/24 MP: 2/2
   655 | D:1      | Reached XP level 3. HP: 21/29 MP: 3/3
   952 | D:2      | Reached skill level 1 in Dodging
  1326 | D:2      | Noticed Sigmund
  1358 | D:2      | Killed Sigmund
  1359 | D:2      | Gained mutation: You regenerate a little health from kills.
                  | [demonic ancestry]
  1359 | D:2      | Reached XP level 4. HP: 8/37 MP: 4/4
  1359 | D:2      | Reached XP level 5. HP: 9/42 MP: 5/5
  1595 | D:2      | Noticed Robin
  1607 | D:2      | Killed Robin
  1673 | D:2      | Reached skill level 4 in Fighting
  1790 | D:2      | Found a faded altar of an unknown god.
  1913 | D:2      | Reached XP level 6. HP: 45/48 MP: 6/6
  2530 | D:3      | Found a blossoming altar of Fedhas.
  2531 | D:3      | Found a broken altar of Ashenzari.
  3384 | D:3      | Killed from afar by an orc priest

Illustrated notes

Levels and vault maps discovered:
D:1:      giann_horns, layout_basic, minmay_unequal
D:2:      layout_basic, hellmonk_ecumenical_altar_inner_sanctum,
          minmay_tetromino_o4, uniq_robin, uniq_sigmund
D:3:      minmay_diamond_boxcup, layout_basic, mainiacjoe_overflow_tiny_flanked,
          lemuel_crystal_altar, kennysheep_orc_chapel

Skill      XL: |  1  2  3  4  5  6 |
---------------+-------------------+-----
Axes           | 2 3 |  3.1
Armour         | 3 |  3.7
Shields        | 3 |  3.8
Dodging        | 1 2 |  2.3
Fighting       | 4 |  4.1
Throwing       | |  0.8
Evocations     | |  0.7

Action                   |  1- 3 |  4- 6 || total
-------------------------+-------+-------++-------
Melee: War axe           |    80 |   161 ||   241
  Use: Scroll            |       |     5 ||     5
       Potion            |       |     2 ||     2
Armor: Scale mail        |    23 |       ||    23
       Chain mail        |     9 |    86 ||    95
Dodge: Dodged            |    37 |    38 ||    75
Block: Buckler           |    16 |    30 ||    46
       Tower shield      |       |    48 ||    48
